 Dungeon Crawl Stone Soup version 0.19-a0-1185-gacb3972 (webtiles) character file.

46 Ijustatesigmund the Sneak (level 3, -3/22 HPs)
             Began as a Tengu Assassin on Aug 18, 2016.
             Slain by an orc
             ... wielding a +1 hand axe of electrocution
              (4 damage)
             ... on level 3 of the Dungeon.
             The game lasted 00:02:58 (1311 turns).

Ijustatesigmund the Sneak (Tengu Assassin)          Turns: 1311, Time: 00:02:59

Health: -3/22      AC:  4    Str: 11    XL:     3   Next: 68%
Magic:  4/4        EV: 12    Int: 11    God:
Gold:   58         SH:  0    Dex: 16    Spells: 0 memorised, 2 levels left

rFire  . . .     SeeInvis .     a - +2 dagger
rCold  . . .     Gourm    .     k - +0 leather armour (curse)
rNeg   . . .     Faith    .     (no shield)
rPois  .         Spirit   .     (helmet restricted)
rElec  .         Dismiss  .     d - +0 cloak
rCorr  .         Reflect  .     (no gloves)
MR     .....     Harm     .     (boots unavailable)
Stlth  ++........               (no amulet)
                                (no ring)
                                (no ring)

@: no status effects
A: beak, talons 3
a: no special abilities


You were on level 3 of the Dungeon.
You were very hungry.

You visited 1 branch of the dungeon, and saw 3 of its levels.

You collected 58 gold pieces.

Inventory:

Hand Weapons
 a - a +2 dagger (weapon)
 b - a +0 blowgun
Missiles
 e - 8 poisoned needles
 f - 2 curare-tipped needles
Armour
 c - a +0 robe
 d - a +0 cloak (worn)
 k - a cursed +0 leather armour (worn)
 m - a +1 ring mail of poison resistance
Scrolls
 h - a scroll of recharging
 i - 3 scrolls of identify
Potions
 l - a potion of experience {unknown}
 o - a potion of degeneration {unknown}
 p - a potion of curing {unknown}
Comestibles
 g - a bread ration
 j - a meat ration
 n - a beef jerky


   Skills:
 + Level 2.6 Fighting
 + Level 3.0 Short Blades
 - Level 2.0 Throwing
 + Level 2.5 Dodging
 - Level 4.0 Stealth


You had 2 spell levels left.
You didn't know any spells.

Dungeon Overview and Level Annotations

Branches:
Dungeon (3/15)

Altars:
Fedhas
Makhleb


Innate Abilities, Weirdness & Mutations

You have a beak for a mouth.
You have claws for feet.


Message History

The orc hits you with a hand axe of electrocution.
* * * LOW HITPOINT WARNING * * *
You hit the orc but do no damage.
The orc is severely wounded.
The orc hits you with a hand axe of electrocution.
* * * LOW HITPOINT WARNING * * *
You hit the orc but do no damage. You claw the orc, but do no damage.
Your peck misses the orc.
The orc is severely wounded.
The orc barely misses you.
You hit the orc but do no damage. You claw the orc, but do no damage.
You peck the orc, but do no damage.
The orc is severely wounded.
The orc hits you but does no damage.
You hit the orc but do no damage. You claw the orc, but do no damage.
The orc is severely wounded.
You hit the orc but do no damage. Your kick misses the orc.
The orc is severely wounded.
The orc hits you with a hand axe of electrocution.
You die...

#.##
#..#
##.#
#..#
#.##
#.##
#..#
##.#
#@#
#.o#
.....
###.###
#. ..
.# #.


You could see an orc.

Vanquished Creatures
  An adder (D:2)
  A dart slug (D:2)
  6 bats (D:1)
  3 giant cockroaches (D:1)
  3 goblins (D:1)
  3 hobgoblins (D:1)
  4 jackals (D:1)
  5 kobolds (D:1)
  A ball python (D:1)
  2 giant newts (D:1)
  3 rats (D:1)
32 creatures vanquished.

Notes
Turn   | Place    | Note
-------+----------+-------------------------------------------
     0 | D:1      | Ijustatesigmund the Tengu Assassin began the quest for the Orb.
     0 | D:1      | Reached XP level 1. HP: 12/12 MP: 2/2
   207 | D:1      | Reached XP level 2. HP: 17/17 MP: 3/3
   609 | D:1      | Reached XP level 3. HP: 21/22 MP: 4/4
  1248 | D:3      | Found a burning altar of Makhleb.
  1248 | D:3      | Found a blossoming altar of Fedhas.
  1307 | D:3      | HP: 1/22 [orc/hand axe of electrocution (4)]
  1311 | D:3      | Slain by an orc

Vault maps used:
D:1:      minmay_arrival_solitary_statue
D:2:      minmay_misc_feat_tower, serial_bayou_pond_b
D:3:      grunt_temple_overflow_open

Skill      XL: |  1  2  3 |
---------------+----------+-----
Dodging        | 2 |  2.5
Short Blades   | 3 |  3.0
Fighting       | |  2.6
Throwing       | |  2.0
Stealth        | |  4.0

Action                   || total
-------------------------++-------
Melee: Dagger            ||    86
       Kick              ||    19
       Peck              ||    10
  Use: Scroll            ||     1
 Stab: Sleeping          ||    11
       Distracted        ||     2
Armor: Robe              ||    13
       Leather armour    ||     6
Dodge: Dodged            ||    28
